 Dungeon Crawl Stone Soup version 0.21.1-1-g345015f (webtiles) character file.

140 Bopaloobop the Ducker (level 5, -4/35 HPs)
             Began as an Octopode Wanderer on Mar 15, 2018.
             Killed from afar by an orc wizard (7 damage)
             ... with a magic dart
             ... on level 3 of the Dungeon.
             The game lasted 00:17:22 (2437 turns).

Bopaloobop the Ducker (Octopode Wanderer)           Turns: 2437, Time: 00:17:22

Health: -4/35      AC:  1    Str: 12    XL:     5   Next: 22%
Magic:  5/5        EV: 15    Int: 19    God:
Gold:   99         SH:  0    Dex: 10    Spells: 4/4 levels left

rFire    + . .     SeeInvis .   k - staff of fire
rCold    . . .     Gourm    .   (no shield)
rNeg     . . .     Faith    .   (helmet restricted)
rPois    .         Spirit   .   i - amulet of harm
rElec    .         Reflect  .   h - +3 ring of intelligence
rCorr    .         Harm     +   (no ring)
MR       .....                  (no ring)
Stlth    +++.......             (no ring)
HPRegen  0.00/turn              (no ring)
MPRegen  0.09/turn              (no ring)
                                (no ring)
                                (no ring)

@: about to teleport
A: almost no armour, stealthy swim, amphibious, 8 rings, constrict 8, camouflage
1, inhibited regeneration, wild magic 1, gelatinous body 1
a: no special abilities


You were on level 3 of the Dungeon.
You were not hungry.

You visited 1 branch of the dungeon, and saw 3 of its levels.

You collected 99 gold pieces.

Inventory:

Hand Weapons
 a - a +3 dagger
 c - a +0 short sword
Magical Staves
 k - an uncursed staff of fire (weapon)
Jewellery
 h - a +3 ring of intelligence (left tentacle)
 i - an amulet of harm (around mantle)
Wands
 e - a wand of flame (22)
Potions
 b - a potion of berserk rage
 j - a potion of agility
Comestibles
 f - 4 rations
 m - 2 chunks of flesh


   Skills:
 + Level 2.5 Fighting
 + Level 3.0 Short Blades
 + Level 4.9 Dodging
 + Level 4.6 Stealth


You had 4 spell levels left.
You didn't know any spells.

Dungeon Overview and Level Annotations

Branches:
Dungeon (2/15)

Altars:


Innate Abilities, Weirdness & Mutations

You cannot wear most types of armour.
You are very stealthy in the water. (Stealth+)
You are amphibious.
You can wear up to eight rings at the same time.
You can use your tentacles to constrict eight enemies at once.
Your skin changes colour to match your surroundings (Stealth+).
Your rubbery body absorbs attacks. (AC +1, EV +1)
You do not regenerate when monsters are visible.
Your spells are a little harder to cast, but a little more powerful.


Message History

Unknown command.
What are your orders? t - Shout!
Orders for allies: a - Attack new target. r - Retreat! s - Stop attacking. g - Guard the area. f - Follow me.
Anything else - Cancel.
Okay, then.
You hear some strange, mumbled words.
A puff of flame appears from out of thin air!
The puff of flame misses you. Something hits you.
* * * LOW HITPOINT WARNING * * *
Things that are here:
a leather armour; an orc corpse
As you read the scroll of teleportation, it crumbles to dust.
You feel strangely unstable.
You hear some strange, mumbled words.
A magic dart appears from out of thin air!
The magic dart hits you!
You die...

##.############.##.......#..
#...............##.####.....
#..###############.# #.....
#..### #.# ###... #....# #.#
##.. ##.#.# ##.## ##. #.###
#######...# #. ###
#.......#.# #. #@#####...#
#. #)# ##### #. #.# ######.
#)# ####...... #)#
###.....#### ..#
.......†.... ###
.##.....#### .........#
.#####.#.#


There were no monsters in sight!

Vanquished Creatures
  A worker ant (D:3)
  3 adders (D:2)
  An ooze (D:1)
  A worm (D:2)
  A dart slug (D:1)
  6 leopard geckos
  4 orcs (D:3)
  6 bats
  4 giant cockroaches
  7 hobgoblins
  4 jackals
  6 kobolds
  A quokka (D:2)
  2 ball pythons
  4 frilled lizards
  9 goblins
  6 rats
  A plant (D:1)
67 creatures vanquished.

Notes
Turn   | Place    | Note
-------+----------+-------------------------------------------
     0 | D:1      | Bopaloobop the Octopode Wanderer began the quest for the Orb.
     0 | D:1      | Bopaloobop set off with: a +2 dagger, a potion of berserk rage, a +0 short sword, a scroll of teleportation, a ration
     0 | D:1      | Reached XP level 1. HP: 14/14 MP: 1/1
    83 | D:1      | Reached XP level 2. HP: 18/19 MP: 2/2
   204 | D:1      | Reached XP level 3. HP: 6/24 MP: 3/3
   206 | D:1      | Gained mutation: You do not regenerate when monsters are visible. [potion of mutation]
   206 | D:1      | Gained mutation: Your spells are a little harder to cast, but a little more powerful. [potion of mutation]
  1175 | D:2      | Reached XP level 4. HP: 19/30 MP: 4/4
  2015 | D:2      | You fall through a shaft!
  2024 | D:3      | Reached XP level 5. HP: 22/35 MP: 5/5
  2437 | D:3      | Killed from afar by an orc wizard

Skill      XL: |  1  2  3  4 |
---------------+-------------+-----
Stealth        | 3 4 |  4.6
Short Blades   | 3 |  3.0
Fighting       | |  2.5
Dodging        | |  4.9

Action                   |  1- 3 |  4- 6 || total
-------------------------+-------+-------++-------
Melee: Dagger            |   116 |    40 ||   156
       Constrict         |    23 |    10 ||    33
       Tentacles         |    21 |     6 ||    27
       Staff             |       |    18 ||    18
Throw: Throwing net      |       |     1 ||     1
Evoke: Wand              |       |     5 ||     5
  Use: Scroll            |     5 |     6 ||    11
       Potion            |     3 |     2 ||     5
 Stab: Sleeping          |     5 |     6 ||    11
  Eat: Ration            |       |     1 ||     1
       Chunk             |       |     1 ||     1
Armor: Skin              |     6 |     9 ||    15
Dodge: Dodged            |    64 |    52 ||   116
